 Dungeon Crawl Stone Soup version 0.31-a0-981-geadf994542 (webtiles) character file.

Game seed: 10148291816671879689

474 Dittersdorf the Shield-Bearer (level 7, -7/44 HPs)
             Began as a Gargoyle Fighter on Nov 1, 2023.
             Mangled by an ogre
             ... wielding a +0 giant club
              (21 damage)
             ... on level 5 of the Dungeon.
             The game lasted 00:04:20 (3494 turns).

Dittersdorf the Shield-Bearer (Gargoyle Fighter)    Turns: 3494, Time: 00:04:20

Health: -7/44      AC: 15    Str: 21    XL:     7   Next: 10%
Magic:  7/7        EV:  8    Int:  9    God:
Gold:   213        SH:  4    Dex:  9    Spells: 6/6 levels left

rFire   . . .        a - +1 flail
rCold   . . .        c - +0 buckler
rNeg    + . .        s - +0 chain mail
rPois   ∞            (no helmet)
rElec   +            x - scarf {repulsion}
rCorr   .            (no gloves)
SInv    .            g - +0 pair of boots
Will    +....        (no amulet) Stlth
                     r - ring of willpower
HPRegen 0.27/turn    (no ring)
MPRegen 0.10/turn

%: repel missiles
@: no status effects
A: sickness immunity, AC +4, negative energy resistance 1, electricity
resistance, torment resistance 1, petrification resistance
a: no special abilities


You were on level 5 of the Dungeon.
You visited 1 branch of the dungeon, and saw 5 of its levels.

You collected 213 gold pieces.

Inventory:

Hand Weapons
 a - a +1 flail (weapon)
Missiles
 f - 5 curare-tipped darts (quivered)
Armour
 c - a +0 buckler (worn)
 g - a +0 pair of boots (worn)
 s - a +0 chain mail (worn)
 x - a scarf of repulsion (worn)
Jewellery
 r - a ring of willpower (left hand)
Wands
 b - a wand of mindburst (11)
 B - a wand of acid (12)
 C - a wand of paralysis (9)
Scrolls
 k - a scroll of fog
 l - 2 scrolls of teleportation
 m - a scroll of noise {unknown}
 n - 3 scrolls of identify {unknown}
 p - 4 scrolls of enchant weapon
 v - 2 scrolls of fear
 y - a scroll of enchant armour {unknown}
Potions
 d - a potion of might
 e - a potion of lignification {unknown}
 h - 2 potions of heal wounds {unknown}
 i - 4 potions of degeneration {unknown}
 j - 2 potions of brilliance {unknown}
 o - a potion of ambrosia {unknown}
 q - a potion of berserk rage {unknown}
 t - a potion of resistance {unknown}
 u - 2 potions of attraction {unknown}
 w - 4 potions of curing {unknown}
 z - a potion of haste {unknown}
 A - a potion of mutation {unknown}


   Skills:
 + Level 5.1 Fighting
 + Level 4.0 Maces & Flails
 + Level 5.1 Armour
 + Level 5.1 Shields


You had 6 spell levels left.
You didn't know any spells.
Your spell library contained the following spells:

 Spells                   Type           Power      Damage    Failure   Level
 Apportation              Tloc           0%         N/A       97%         1
 Necrotise                Necr           0%         1d4       97%         1
 Summon Small Mammal      Summ           0%         N/A       97%         1
 Call Imp                 Summ           0%         N/A       99%         2
 Petrify                  Tmut/Erth      0%         N/A       100%        4
 Haunt                    Necr/Summ      0%         N/A       100%        7


Dungeon Overview and Level Annotations

Branches:
Dungeon (5/15)
 Temple: D:4-7

Altars:


Innate Abilities, Weirdness & Mutations

You are immune to sickness and miasma.
Your stone body is resilient. (AC +4)
You are immune to poison.
You resist negative energy. (rN+)
You are resistant to electric shocks. (rElec)
You are resistant to unholy torment.
You are immune to petrification.


Message History

C - a wand of paralysis (9)
Things that are here:
a +0 club; a +0 ring mail
f - 5 curare-tipped darts (gained 2)
An endoplasm comes into view.
The endoplasm quivers.
The endoplasm freezes you.
You are frozen.
You hit the endoplasm.
The endoplasm is moderately wounded.
The endoplasm barely misses you.
You hit the endoplasm.
You kill the endoplasm!
No target in view!
You now have 213 gold pieces (gained 14).
w - 4 bubbling white potions (gained 1)
Found a dagger.
There is a stone staircase leading down here.
Done exploring.
Done exploring.
What level of the Dungeon? (default 4, ? - help)
There is a stone staircase leading down here.
You climb downwards.
Found a giant club.
Found an escape hatch in the ceiling.
There is a stone staircase leading up here.
An ogre comes into view. It is wielding a +0 giant club.
The ogre shouts!
The ogre hits you with a +0 giant club!!
You barely miss the ogre. The ogre completely misses you.
You hit the ogre.
The ogre is lightly wounded.
The ogre hits you with a +0 giant club!
* * * LOW HITPOINT WARNING * * *
You sock the ogre!
The ogre is moderately wounded.
The ogre barely misses you.
You barely miss the ogre.
The ogre is moderately wounded.
The ogre hits you with a +0 giant club!!
You die...

# ####.###.
#.)......
#<# #.# #.#
#.#
##.######.
#.@O......
#..#..##...
..... <##
#.###.. ##
..# .#.
..#. .# #.


You could see an ogre.

Vanquished Creatures
  An ice beast (D:3)
  An ogre (D:4)
  A howler monkey (D:4)
  An iguana (D:3)
  Ijyb (D:4)
  2 orc wizards
  6 adders
  A dart slug (D:2)
  9 orcs
  9 ball pythons
  4 endoplasms
  2 giant cockroaches
  3 goblins
  10 hobgoblins
  11 jackals
  8 quokkas
  7 bats
  5 frilled lizards
  9 kobolds
  8 rats
99 creatures vanquished.

Notes
Turn   | Place    | Note
-------+----------+-------------------------------------------
     0 | D:1      | Dittersdorf the Gargoyle Fighter began the quest for the
                  | Orb.
     0 | D:1      | Reached XP level 1. HP: 14/14 MP: 1/1
   119 | D:1      | Reached XP level 2. HP: 17/19 MP: 2/2
   368 | D:1      | Reached XP level 3. HP: 23/23 MP: 3/3
   942 | D:2      | Reached XP level 4. HP: 18/29 MP: 4/4
  1498 | D:3      | Reached XP level 5. HP: 3/33 MP: 5/5
  1881 | D:3      | Noticed an ice beast
  1914 | D:3      | Killed an ice beast
  1915 | D:3      | Reached XP level 6. HP: 9/39 MP: 6/6
  2720 | D:4      | Identified the "Yfauwk"
  2847 | D:4      | Reached skill level 5 in Fighting
  2847 | D:4      | Reached skill level 5 in Armour
  2847 | D:4      | Reached skill level 5 in Shields
  3053 | D:4      | Reached XP level 7. HP: 43/44 MP: 7/7
  3415 | D:4      | Noticed Ijyb
  3422 | D:4      | Killed Ijyb
  3485 | D:5      | Entered Level 5 of the Dungeon
  3494 | D:5      | Mangled by an ogre

Illustrated notes

Levels and vault maps discovered:
D:1:      amcnicky_arrival_choice, layout_rooms, minmay_misc_feat_plants
D:2:      layout_loops_ring
D:3:      layout_basic, grunt_ministairs_11, minmay_joined_circles
D:4:      layout_loops_cross, uniq_ijyb
D:5:      dreamdust_elfheim, layout_loops_ring, minmay_misc_feat_roman

Skill      XL: |  1  2  3  4  5  6  7 |
---------------+----------------------+-----
Armour         | 4 5 |  5.1
Fighting       | 4 5 |  5.1
Shields        | 4 5 |  5.1
Maces & Flails | 3 4 |  4.0

Action                     |  1- 3 |  4- 6 |  7- 9 || total
---------------------------+-------+-------+-------++-------
  Melee: Flail             |   143 |   196 |    18 ||   357
  Throw: Dart              |       |     6 |     2 ||     8
    Use: Scroll            |       |     5 |       ||     5
 Armour: Scale mail        |   158 |   147 |     1 ||   306
         Chain mail        |       |       |     4 ||     4
  Dodge: Dodged            |    67 |    75 |     9 ||   151
  Block: Buckler           |    42 |    37 |       ||    79

Table legend: (Time is in decaauts)
 A = Elapsed time spent in this place.
 B = Non-inter-level travel time spent in this place.
 C = Inter-level travel time spent in this place.
 D = Time resting spent in this place.
 E = Time spent auto-exploring this place.
 F = Levels seen in this place.
 G = Mean time per level.
                   A        B        C        D        E       F      G
               +--------+--------+--------+--------+--------+-----+--------+
         Total |   3598 |   3484 |    114 |    286 |   2325 |   5 |  719.6 |
       Dungeon |   3598 |   3484 |    114 |    286 |   2325 |   5 |  719.6 |
               +--------+--------+--------+--------+--------+-----+--------+

Top non-repeatable levels by time:
     D:3: 1399 daAuts
     D:2: 776 daAuts
     D:4: 723 daAuts
     D:1: 689 daAuts
     D:5: 9 daAuts
